cohdb
Replays
Latest Replays
All Replays
Popular Replays
Top Player Replays
Match Explorer
How It Works
Community
CoH3 Stats
Reddit
Sign in to upload your games and track your stats! →
Sign in with Steam
Match 20052603
Unlisted
Match 20052603
Overview
Messages
Build Orders
End
Pioneer Squad
Pioneer Squad
Selects Breakthrough Battlegroup
Selects Assault Grenadiers
Construct Infanterie Kompanie
Grenadier Squad
Grenadier Squad
Construct Luftwaffe Kompanie
Flak 30 Anti-aircraft Gun Team
221 Scout Car
Selects Rapid Production
Jäger Squad
Medical Station
Jäger Squad
MG 42 Machine Gun Team
THE501st
MonoChrome
0
0
Comments
sign in to comment!
No comments posted yet!